 Dungeon Crawl Stone Soup version 0.26.1-11-gd32895ea62 (console) character file.

Game seed: 2924608919513438556

704 erker the Chopper (level 7, -2/62 HPs)
             Began as a Deep Dwarf Fighter on July 15, 2021.
             Killed from afar by a white imp (10 damage)
             ... with a puff of frost
             ... on level 5 of the Dungeon.
             The game lasted 00:11:52 (2761 turns).

erker the Chopper (Deep Dwarf Fighter)              Turns: 2761, Time: 00:11:52

Health: -2/62      AC:  9    Str: 22    XL:     7   Next: 39%
Magic:  6/6        EV:  9    Int:  8    God:
Gold:   136        SH:  9    Dex: 12    Spells: 6/6 levels left

rFire    . . .     SeeInvis .   s - +0 hand axe
rCold    . . .     Faith    .   c - +0 kite shield
rNeg     . . .     Spirit   .   b - +0 scale mail
rPois    .         Reflect  .   r - +1 hat
rElec    .         Harm     +   l - scarf {harm}
rCorr    .         Rampage  .   f - +0 pair of gloves
Will     ++...                  (no boots)
Stlth    ..........             (no amulet)
HPRegen  0.00/turn              o - ring of attention (curse)
MPRegen  0.10/turn              t - ring of willpower

@: non-regenerating
A: damage resistance, heal wounds, sense surroundings 1, no regeneration
a: Heal Wounds


You were on level 5 of the Dungeon.
You visited 1 branch of the dungeon, and saw 5 of its levels.

You collected 136 gold pieces.

Inventory:

Hand Weapons
 a - a +0 war axe
 s - a +0 hand axe (weapon)
Missiles
 h - 16 poisoned darts (quivered)
Armour
 b - a +0 scale mail (worn)
 c - a +0 kite shield (worn)
 f - a +0 pair of gloves (worn)
 l - a scarf of harm (worn)
 r - a +1 hat (worn)
Jewellery
 o - a cursed ring of attention (left hand)
 t - a ring of willpower (right hand)
Wands
 u - a wand of polymorph (10)
Scrolls
 d - a scroll of enchant weapon {unknown}
 e - 7 scrolls of identify {unknown}
 j - a scroll of noise {unknown}
 m - 2 scrolls of random uselessness {unknown}
 p - 2 scrolls of blinking {unknown}
 q - 3 scrolls of remove curse {unknown}
Potions
 g - a potion of haste {unknown}
 i - a potion of ambrosia {unknown}
 k - 2 potions of brilliance {unknown}
 n - a potion of resistance {unknown}
 v - 2 potions of curing {unknown}
 w - a potion of degeneration {unknown}
 x - a potion of attraction {unknown}


   Skills:
 + Level 3.3 Fighting
 + Level 6.5 Axes
 - Level 4.0 Armour
 - Level 4.0 Dodging
 - Level 4.0 Shields
 - Level 3.0 Evocations


You had 6 spell levels left.
You didn't know any spells.
Your spell library contained the following spells:

 Spells                   Type           Power        Failure   Level
 Magic Dart               Conj           0%           99%         1


Dungeon Overview and Level Annotations

Branches:
Dungeon (5/15)
 Temple: D:4-7

Altars:
Sif Muna
Trog
Uskayaw

Shops:
D:4 [


Innate Abilities, Weirdness & Mutations

You are resistant to damage.
You can heal yourself by infusing magical energy.
You passively map a small area around you.
You do not regenerate.


Message History

The white imp gestures at you. The puff of frost hits you.
Found a stone staircase leading down.
The white imp gestures at you.
The puff of frost hits you but does no damage.
You barely miss the white imp.
The white imp hits you but does no damage.
You hit the white imp.
The white imp is heavily wounded.
The white imp grins evilly.
The white imp hits you but does no damage.
You barely miss the white imp.
The white imp is heavily wounded.
The white imp gestures at you. The puff of frost hits you!
* * * LOW HITPOINT WARNING * * *
You fail to use your ability.
The white imp gestures at you. The puff of frost hits you!
You die...

....8 , #######>.... ,
,, ,,........8. *##
,#(.......,, , ...
#......#, , ,
#..#......###.. , *
#............. , ,.#
#.##.5@...###### .#
#............... ,...
...........###########..
#.....####.######.......
,
#.#.?.......W...........
# ###.##.#........#.....
* ., #........#.##.#.. #
#.####...####.#.. ,...*
#...!....'..


You could see a phantom and a white imp.

Vanquished Creatures
  Grinder (D:4)
  Menkaure (D:4)
  A centaur (D:5)
  A hound (D:5)
  An orc wizard (D:5)
  An iguana (D:4)
  3 worker ants
  A gnoll (D:2)
  4 adders
  A white imp (D:2)
  An ooze (D:3)
  An adder skeleton (D:4)
  4 worms
  4 dart slugs (D:1)
  4 leopard geckos
  6 orcs
  3 giant cockroaches
  9 hobgoblins
  2 jackals (D:3)
  2 kobolds (D:1)
  8 bats
  7 frilled lizards
  8 goblins
  8 rats
82 creatures vanquished.

Vanquished Creatures (others)
  3 plants (D:1)
3 creatures vanquished.

Grand Total: 85 creatures vanquished

Notes
Turn   | Place    | Note
-------+----------+-------------------------------------------
     0 | D:1      | erker the Deep Dwarf Fighter began the quest for the Orb.
     0 | D:1      | Reached XP level 1. HP: 20/20 MP: 1/1
    93 | D:1      | Reached skill level 3 in Axes
    93 | D:1      | Reached XP level 2. HP: 27/27 MP: 2/2
   420 | D:1      | Reached XP level 3. HP: 22/33 MP: 3/3
   888 | D:2      | Reached skill level 4 in Axes
   948 | D:2      | Found a shimmering blue altar of Sif Muna.
   971 | D:2      | Identified Sif Muna's Handbook of Damage Dealing
   977 | D:2      | Found a bloodstained altar of Trog.
  1041 | D:2      | Reached XP level 4. HP: 18/40 MP: 4/4
  1337 | D:2      | Reached skill level 5 in Axes
  1571 | D:3      | Noticed a -1 dagger
  1572 | D:3      | Noticed a +0 hand axe
  1577 | D:3      | Found a hide-covered altar of Uskayaw.
  2095 | D:4      | Reached XP level 5. HP: 39/46 MP: 5/5
  2156 | D:4      | Reached skill level 6 in Axes
  2167 | D:4      | Found Peru's Armour Shop.
  2199 | D:4      | Reached skill level 1 in Evocations
  2282 | D:4      | Noticed Grinder
  2302 | D:4      | Killed Grinder
  2303 | D:4      | Reached skill level 1 in Dodging
  2303 | D:4      | Reached XP level 6. HP: 19/55 MP: 6/6
  2446 | D:4      | Noticed Menkaure
  2455 | D:4      | Killed Menkaure
  2474 | D:4      | Reached XP level 7. HP: 27/61 MP: 7/7
  2609 | D:5      | Entered Level 5 of the Dungeon
  2761 | D:5      | Killed from afar by a white imp

Illustrated notes

Levels and vault maps discovered:
D:1:      lemuel_arrival_hallway, layout_loops_ring, serial_forest,
          infiniplex_forest_corner_1, infiniplex_forest_clump_C,
          infiniplex_forest_clump_long, infiniplex_forest_end_2,
          infiniplex_forest_clump_diagonal, infiniplex_forest_clump_tiny,
          infiniplex_forest_clump_small, infiniplex_forest_clump_small,
          infiniplex_forest_clump_medium, infiniplex_forest_clump_curved,
          st_stairs_5
D:2:      layout_basic, nzn_overflow_gifts_of_might_and_magic
D:3:      layout_rooms, dancing_weapons_uskayaw
D:4:      layout_basic, serial_shops, nicolae_shop_behind_doors,
          grunt_decor_one_mirror, minmay_bisected, uniq_menkaure, uniq_grinder
D:5:      layout_basic, overflow_temple_1_default, serial_shops, shop,
          nicolae_ossuary_entry_monument, chequers_serial_rivers_micro_a,
          nicolae_ru_path_of_blood, uniq_crazy_yiuf_cottage

Skill      XL: |  1  2  3  4  5  6  7 |
---------------+----------------------+-----
Axes           | 3 4 5 6 |  6.5
Evocations     | 3 |  3.0
Shields        | 4 |  4.0
Armour         | 4 |  4.0
Dodging        | 1 3 4 |  4.0
Fighting       | 3 |  3.3

Action                   |  1- 3 |  4- 6 |  7- 9 || total
-------------------------+-------+-------+-------++-------
Melee: War axe           |   108 |    28 |       ||   136
       Hand axe          |       |   105 |    66 ||   171
Throw: Dart              |     4 |     6 |       ||    10
 Abil: Heal Wounds       |       |     2 |     1 ||     3
  Use: Potion            |       |     1 |       ||     1
Armor: Scale mail        |    48 |    38 |    19 ||   105
Dodge: Dodged            |    39 |    33 |    16 ||    88
Block: Kite shield       |    52 |    56 |    26 ||   134
